 Dungeon Crawl Stone Soup version 0.29.1-2-gbd0b4ee654 (webtiles) character file.

Game seed: 14869944623054097687

139 GorkyZ the Trooper (level 5, 0/33 HPs)
             Began as a Gargoyle Fighter on Nov 27, 2022.
             Slain by a gnoll
             ... wielding a +0 spear
              (4 damage)
             ... on level 3 of the Dungeon.
             The game lasted 00:05:54 (2444 turns).

GorkyZ the Trooper (Gargoyle Fighter)               Turns: 2444, Time: 00:05:54

Health: 0/33       AC: 11    Str: 22    XL:     5   Next: 22%
Magic:  5/5        EV:  9    Int:  8    God:
Gold:   188        SH:  4    Dex:  9    Spells: 4/4 levels left

rFire   . . .      SeeInvis .   a - +0 war axe
rCold   . . .      Faith    .   c - +0 buckler
rNeg    + . .      Spirit   .   b - +0 scale mail
rPois   ∞          Reflect  .   (no helmet)
rElec   +          Harm     .   (no cloak)
rCorr   .          Rampage  .   (no gloves)
Will    .....                   (no boots)
Stlth   ..........              (no amulet)
HPRegen 0.11/turn               (no ring)
MPRegen 0.09/turn               (no ring)

@: no status effects
A: sickness immunity, AC +4, negative energy resistance 1, electricity
resistance, torment resistance 1, petrification resistance
a: no special abilities


You were on level 3 of the Dungeon.
You visited 1 branch of the dungeon, and saw 3 of its levels.

You collected 188 gold pieces.

Inventory:

Hand Weapons
 a - a +0 war axe (weapon)
Missiles
 t - 5 boomerangs (quivered)
Armour
 b - a +0 scale mail (worn)
 c - a +0 buckler (worn)
Scrolls
 e - 2 scrolls of identify {unknown}
 g - 2 scrolls of blinking {unknown}
 h - a scroll of poison {unknown}
 i - a scroll of acquirement {unknown}
 l - 2 scrolls of fear {unknown}
 m - 4 scrolls of teleportation {unknown}
 p - a scroll of brand weapon {unknown}
 q - a scroll of vulnerability {unknown}
 s - a scroll of enchant weapon {unknown}
 u - a scroll of summoning {unknown}
 x - a scroll of amnesia {unknown}
Potions
 d - a potion of might
 f - 4 potions of mutation {unknown}
 j - a potion of brilliance {unknown}
 k - 2 potions of degeneration {unknown}
 n - 2 potions of heal wounds {unknown}
 o - a potion of resistance {unknown}
 r - 2 potions of invisibility {unknown}
 v - a potion of attraction {unknown}
 w - a potion of haste {unknown}


   Skills:
 + Level 3.9 Fighting
 + Level 2.3 Axes
 + Level 1.3 Throwing
 + Level 3.8 Armour
 + Level 1.0 Dodging
 + Level 3.8 Shields
 + Level 1.5 Evocations


You had 4 spell levels left.
You didn't know any spells.
Your spell library contained the following spells:

 Spells                   Type           Power      Damage    Failure   Level
 Slow                     Hex            0%         N/A       82%         1
 Confusing Touch          Hex            0%         N/A       99%         3
 Vampiric Draining        Necr           0%         2d6       99%         3
 Summon Forest            Summ/Tloc      0%         N/A       100%        5
 Summon Mana Viper        Hex/Summ       0%         N/A       100%        5
 Summon Cactus Giant      Summ           0%         N/A       100%        6


Dungeon Overview and Level Annotations

Branches:
Dungeon (3/15)

Altars:
Gozag
Kikubaaqudgha
Wu Jian

Shops:
D:2 *


Innate Abilities, Weirdness & Mutations

You are immune to sickness and miasma.
Your stone body is resilient. (AC +4)
You are immune to poison.
You resist negative energy. (rN+)
You are resistant to electric shocks. (rElec)
You are resistant to unholy torment.
You are immune to petrification.


Message History

You block the gnoll's attack.
You slash the gnoll!
The gnoll is almost dead.
The gnoll hits you but does no damage.
You barely miss the gnoll. The gnoll hits you with a +0 whip!
You hit the gnoll.
The gnoll is heavily wounded.
The gnoll hits you but does no damage.
The gnoll hits you from afar with a +0 spear.
The gnoll hits you with a +0 whip.
* * * LOW HITPOINT WARNING * * *
You are too injured to fight recklessly!
You are too injured to fight recklessly!
You are too injured to fight recklessly!
You are too injured to fight recklessly!
You are too injured to fight recklessly!
You are too injured to fight recklessly!
You are too injured to fight recklessly!
You are too injured to fight recklessly!
You are too injured to fight recklessly!
You are too injured to fight recklessly!
You are too injured to fight recklessly!
You are too injured to fight recklessly!
You are too injured to fight recklessly!
You are too injured to fight recklessly!
You are too injured to fight recklessly!
You are too injured to fight recklessly!
You are too injured to fight recklessly!
You are too injured to fight recklessly!
You are too injured to fight recklessly!
You are too injured to fight recklessly!
You are too injured to fight recklessly!
Unknown command.
The gnoll attacks as you move away! The gnoll hits you but does no damage.
You hit the gnoll but do no damage.
The gnoll is heavily wounded.
The gnoll hits you with a +0 whip.
* * * LOW HITPOINT WARNING * * *
The gnoll hits you from afar with a +0 spear.
You die...

...####.### ###.....>..#.##......
.....####.###.#####.#.##.##.#####
####.....#.#_#.#....#.##.##.....#
...#..#####.###.###.#.##.....##.#
##....# ### ### #.#.######.##.#
####.# #.#......#.##.# ......#
#........#....# #######
##################
#@............# # #g###########.#
# #g# #.# # #g. #.# # ###. #.####
.# #..... # ######


You could see 3 gnolls.

Vanquished Creatures
  Robin (D:2)
  2 adders (D:3)
  A gnoll (D:3)
  3 worms
  2 dart slugs (D:1)
  An orc (D:3)
  5 endoplasms
  2 giant cockroaches
  15 goblins
  9 hobgoblins
  10 jackals
  3 kobolds
  4 quokkas
  5 ball pythons
  5 bats
  8 frilled lizards
  A rat (D:1)
77 creatures vanquished.

Notes
Turn   | Place    | Note
-------+----------+-------------------------------------------
     0 | D:1      | GorkyZ the Gargoyle Fighter began the quest for the Orb.
     0 | D:1      | Reached XP level 1. HP: 14/14 MP: 1/1
    27 | D:1      | Reached XP level 2. HP: 11/19 MP: 2/2
   335 | D:1      | Reached XP level 3. HP: 21/23 MP: 3/3
   824 | D:2      | Noticed Robin
   825 | D:2      | Reached skill level 1 in Throwing
   837 | D:2      | Killed Robin
   838 | D:2      | Reached skill level 1 in Evocations
   838 | D:2      | Reached XP level 4. HP: 5/29 MP: 4/4
  1367 | D:2      | Found Plog's General Store.
  1658 | D:3      | Found a faded altar of an unknown god.
  1997 | D:3      | Reached XP level 5. HP: 33/33 MP: 5/5
  2001 | D:3      | Reached skill level 1 in Dodging
  2257 | D:3      | Found an ornate altar of the Wu Jian Council.
  2258 | D:3      | Found an opulent altar of Gozag.
  2261 | D:3      | Found an ancient bone altar of Kikubaaqudgha.
  2444 | D:3      | Slain by a gnoll

Illustrated notes

Levels and vault maps discovered:
D:1:      dpeg_arrival_pond, layout_rooms, kennysheep_crisscross
D:2:      layout_basic, serial_shops, nicolae_shop_crystal, uniq_robin
D:3:      layout_basic, nicolae_overflow_hidden_temple,
          chequers_ecumenical_altar_twisty

Skill      XL: |  1  2  3  4  5 |
---------------+----------------+-----
Axes           | 2 |  2.3
Throwing       | 1 |  1.3
Evocations     | 1 |  1.5
Dodging        | 1 |  1.0
Fighting       | |  3.9
Armour         | |  3.8
Shields        | |  3.8

Action                   |  1- 3 |  4- 6 || total
-------------------------+-------+-------++-------
Melee: War axe           |    75 |   128 ||   203
Throw: Boomerang         |       |     3 ||     3
Armor: Scale mail        |    80 |    67 ||   147
Dodge: Dodged            |    55 |    55 ||   110
Block: Buckler           |    29 |    35 ||    64
